 Dungeon Crawl Stone Soup version 0.29-a0-370-gb5314be063 (webtiles) character file.

Game seed: 2843209406721766409

458 Artihs the Shooter (level 7, -2/51 HPs)
             Began as a Human Arcane Marksman on May 2, 2022.
             Slain by a gnoll
             ... wielding a +0 halberd
             ... led by a gnoll shaman
              (7 damage)
             ... on level 5 of the Dungeon.
             The game lasted 00:16:30 (4252 turns).

Artihs the Shooter (Human Arcane Marksman)          Turns: 4252, Time: 00:16:31

Health: -2/51      AC:  6    Str: 16    XL:     7   Next: 27%
Magic:  7/8        EV: 13    Int: 14    God:
Gold:   241        SH:  0    Dex: 15    Spells: 1/8 levels left

rFire   + . .      SeeInvis .   a - +1 shortbow
rCold   . . .      Faith    .   (shield currently unavailable)
rNeg    . . .      Spirit   .   v - +2 robe {rF+}
rPois   .          Reflect  .   (no helmet)
rElec   .          Harm     .   A - +0 cloak
rCorr   .          Rampage  .   H - +0 pair of gloves
Will    .....                   (no boots)
Stlth   +.........              y - amulet of the acrobat
HPRegen 0.17/turn               m - ring of wizardry
MPRegen 0.11/turn               u - +6 ring of strength

@: lit by a corona, glowing
A: no striking features
a: no special abilities


You were on level 5 of the Dungeon.
You visited 1 branch of the dungeon, and saw 5 of its levels.

You collected 241 gold pieces.

Inventory:

Hand Weapons
 a - a +1 shortbow (weapon)
 j - a +2 dagger of venom
 o - a +1 vorpal spear
 r - a +1 short sword of draining
 z - a +2 dagger of venom
Missiles
 n - 7 poisoned darts
 I - 6 boomerangs
Armour
 b - a +0 robe
 v - a +2 robe of fire resistance (worn)
 A - a +0 cloak (worn)
 H - a +0 pair of gloves (worn)
Jewellery
 k - a ring of fire
 m - a ring of wizardry (left hand)
 u - a +6 ring of strength (right hand)
 y - an amulet of the acrobat (around neck)
 G - a ring of magical power
Wands
 x - a wand of paralysis (6)
 C - a wand of iceblast (8)
Scrolls
 c - 2 scrolls of vulnerability
 e - 2 scrolls of blinking
 g - a scroll of holy word
 i - a scroll of summoning
 p - 2 scrolls of amnesia
 q - a scroll of fear {unknown}
 t - a scroll of fog
 B - a scroll of brand weapon {unknown}
 E - a scroll of teleportation {unknown}
 J - a scroll of identify
Potions
 d - a potion of berserk rage {unknown}
 f - 3 potions of heal wounds {unknown}
 h - a potion of curing {unknown}
 l - 2 potions of mutation {unknown}
 s - 2 potions of lignification {unknown}
 w - a potion of haste {unknown}
 D - a potion of might {unknown}
 F - a potion of cancellation {unknown}


   Skills:
 + Level 2.7 Fighting
 + Level 6.2 Bows
 + Level 2.7 Dodging
 + Level 0.4 Stealth
 + Level 1.2 Spellcasting
 + Level 3.2 Hexes


You had one spell level left.
You knew the following spells:

 Your Spells              Type           Power      Damage    Failure   Level
a - Slow                  Hex            36%        N/A       2%          1
b - Confusing Touch       Hex            9%         N/A       9%          3
c - Portal Projectile     Hex/Tloc       10%        N/A       16%         3

Your spell library contained the following spells:

 Spells                   Type           Power      Damage    Failure   Level
 Ensorcelled Hibernation  Hex/Ice        10%        N/A       9%          2
 Inner Flame              Hex/Fire       5%         N/A       16%         3
 Cause Fear               Hex            4%         N/A       26%         4
 Spider Form              Tmut/Pois      0%         N/A       30%         3
 Vampiric Draining        Necr           0%         2d6       30%         3
 Anguish                  Hex/Necr       2%         N/A       45%         4


Dungeon Overview and Level Annotations

Branches:
Dungeon (5/15)
 Temple: D:4-7

Altars:
Ashenzari
Nemelex Xobeh


Message History

The arrow hits the gnoll shaman but does no damage.
The gnoll shaman is severely wounded.
The gnoll shaman calls upon its god to speed up the gnoll.
The gnoll seems to speed up.
A gnoll comes into view. It is wielding a +0 flail.
The gnoll closely misses you.
The gnoll shouts!
You shoot an arrow.
The arrow barely misses the gnoll shaman.
The arrow hits the gnoll!
You kill the gnoll!
The gnoll hits you from afar with a +0 halberd!
The gnoll shaman barely misses you.
The gnoll hits you from afar with a +0 halberd!
The gnoll shaman hits you but does no damage.
The gnoll shaman prays to its god.
The gnoll shaman is healed somewhat.
The gnoll barely misses you.
You are too injured to fight recklessly!
There is an open door here.
You are too injured to fight recklessly!
The gnoll completely misses you.
There is an open door here.
You are too injured to fight recklessly!
Shoot: a) +1 shortbow
Press: ? - help, Q - select action, (/) - cycle Shift-Dir - straight line, f - gnoll
Aim: a gnoll, wielding a +0 halberd (fast, 68% to hit)
You shoot an arrow. The arrow completely misses the gnoll.
The gnoll hits you from afar with a +0 halberd!
* * * LOW HITPOINT WARNING * * *
The gnoll shaman attacks as you move away!
The gnoll shaman barely misses you.
The gnoll hits you from afar with a +0 halberd!
* * * LOW HITPOINT WARNING * * *
Shoot: a) +1 shortbow
Press: ? - help, Q - select action, (/) - cycle Shift-Dir - straight line, f - gnoll shaman, p - gnoll
Aim: a gnoll shaman, wielding a +0 whip and wearing a +3 leather armour (moderately wounded, 68% to hit)
You shoot an arrow.
The arrow barely misses the gnoll shaman.
The gnoll hits you from afar with a +0 halberd!
You die...

#.........#####
#.....#'##....#
####'##..#....#
#'.......#....#####
##.......#........#
##.......###+#....#
#............'....#
#............#....#
############'#.@..#
#..###.#....g#g###
#...#..#.....'..#
###...'..#.)...#..#
.....###)#.....#..#
.##.>##..≈.....####
#######.♣≈g##'##
#....♣≈≈≈≈...#
.......≈≈≈≈≈...#


You could see a gnoll shaman and a gnoll (fast).

Vanquished Creatures
  A black bear (D:4)
  A necrophage (D:4)
  2 hounds
  An iguana (D:4)
  An orc wizard (D:3)
  Natasha (twice) (D:3)
  2 gnolls (D:5)
  4 adders
  3 worms
  2 dart slugs
  6 orcs
  7 bats
  12 endoplasms
  3 giant cockroaches
  7 goblins
  7 hobgoblins
  2 quokkas (D:2)
  4 ball pythons
  5 frilled lizards
  7 kobolds
  8 rats
87 creatures vanquished.

Vanquished Creatures (others)
  A plant (D:5)
1 creature vanquished.

Grand Total: 88 creatures vanquished

Notes
Turn   | Place    | Note
-------+----------+-------------------------------------------
     0 | D:1      | Artihs the Human Arcane Marksman began the quest for the
                  | Orb.
     0 | D:1      | Reached XP level 1. HP: 15/15 MP: 2/2
   303 | D:1      | Reached XP level 2. HP: 21/21 MP: 3/3
   730 | D:1      | Found a faded altar of an unknown god.
   814 | D:1      | Reached XP level 3. HP: 26/26 MP: 4/4
  1008 | D:2      | Reached skill level 3 in Bows
  1109 | D:2      | Reached XP level 4. HP: 32/32 MP: 5/5
  1718 | D:2      | Reached XP level 5. HP: 38/38 MP: 6/6
  1859 | D:3      | Noticed Natasha
  1864 | D:3      | Killed Natasha
  1865 | D:3      | Reached skill level 4 in Bows
  2029 | D:3      | Found a broken altar of Ashenzari.
  2055 | D:3      | Learned a level 3 spell: Confusing Touch
  2399 | D:3      | Found a sparkling altar of Nemelex Xobeh.
  2399 | D:3      | Noticed Natasha
  2408 | D:3      | Killed Natasha
  2409 | D:3      | Reached XP level 6. HP: 41/44 MP: 7/7
  2620 | D:4      | Reached skill level 5 in Bows
  2691 | D:4      | Noticed a black bear
  2709 | D:4      | Killed a black bear
  2855 | D:4      | Reached XP level 7. HP: 51/51 MP: 8/8
  2903 | D:4      | Reached skill level 6 in Bows
  3970 | D:5      | Entered Level 5 of the Dungeon
  3999 | D:5      | Learned a level 3 spell: Portal Projectile
  4252 | D:5      | Slain by a gnoll

Illustrated notes

Levels and vault maps discovered:
D:1:      co_arrival_square_in_a_square_in_a_square, layout_rooms,
          chequers_ecumenical_altar_simple
D:2:      layout_loops_ring, hangedman_decor_clover_reticule
D:3:      layout_basic, mainiacjoe_overflow_alcove_2,
          cheibrodos_ashenzari_chains, minmay_misc_feat_alley, uniq_natasha
D:4:      minmay_door_path, layout_layer_cave, minmay_statues_item
D:5:      layout_gridville, minmay_temple_entry_nine_rooms,
          hangedman_glass_teeth, chequers_big_river, serial_bayou_ford_a,
          supply_closet_lemuel, st_stairs_4

Skill      XL: |  1  2  3  4  5  6  7 |
---------------+----------------------+-----
Bows           | 3 4 5 6 |  6.2
Fighting       | 2 |  2.7
Dodging        | |  2.7
Stealth        | |  0.4
Spellcasting   | |  1.2
Hexes          | |  3.2

Action                   |  1- 3 |  4- 6 |  7- 9 || total
-------------------------+-------+-------+-------++-------
Melee: Shortbow          |     1 |       |       ||     1
 Fire: Shortbow          |    92 |   127 |    40 ||   259
 Cast: Slow              |     2 |     3 |       ||     5
       Portal Projectile |       |       |     2 ||     2
Evoke: Wand              |       |       |     1 ||     1
  Use: Scroll            |       |       |     7 ||     7
Armor: Robe              |     2 |    19 |     4 ||    25
Dodge: Dodged            |    29 |    20 |    10 ||    59

Table legend: (Time is in decaauts)
 A = Elapsed time spent in this place.
 B = Non-inter-level travel time spent in this place.
 C = Inter-level travel time spent in this place.
 D = Time resting spent in this place.
 E = Time spent auto-exploring this place.
 F = Levels seen in this place.
 G = Mean time per level.
                   A        B        C        D        E       F      G
               +--------+--------+--------+--------+--------+-----+--------+
         Total |   4346 |   3854 |    492 |    345 |   2896 |   5 |  869.2 |
       Dungeon |   4346 |   3854 |    492 |    345 |   2896 |   5 |  869.2 |
               +--------+--------+--------+--------+--------+-----+--------+

Top non-repeatable levels by time:
     D:4: 1405 daAuts
     D:1: 925 daAuts
     D:2: 921 daAuts
     D:3: 807 daAuts
     D:5: 287 daAuts
